 Dungeon Crawl Stone Soup version 0.27-a0-448-gace5c5693b (webtiles) character file.

Game seed: 15332841050020244616

11 srzhan31 the Magician (level 2, -3/19 HPs)
             Began as a Human Hedge Wizard on Feb 27, 2021.
             Slain by a hobgoblin
             ... wielding a +0 club
              (7 damage)
             ... on level 1 of the Dungeon.
             The game lasted 00:04:14 (283 turns).

srzhan31 the Magician (Human Hedge Wizard)           Turns: 283, Time: 00:04:15

Health: -3/19      AC:  2    Str: 10    XL:     2   Next: 40%
Magic:  1/6        EV: 12    Int: 14    God:
Gold:   8          SH:  0    Dex: 12    Spells: 6/7 levels left

rFire    . . .     SeeInvis .   a - +0 dagger
rCold    . . .     Faith    .   (no shield)
rNeg     . . .     Spirit   .   b - +0 robe
rPois    .         Reflect  .   c - +0 hat
rElec    .         Harm     .   (no cloak)
rCorr    .         Rampage  .   (no gloves)
Will     .....                  (no boots)
Stlth    ++........             (no amulet)
HPRegen  0.06/turn              (no ring)
MPRegen  0.10/turn              (no ring)

@: no status effects
A: no striking features
a: no special abilities


You were on level 1 of the Dungeon.
You visited 1 branch of the dungeon, and saw 1 of its levels.

You collected 8 gold pieces.

Inventory:

Hand Weapons
 a - a +0 dagger (weapon)
Armour
 b - a +0 robe (worn)
 c - a +0 hat (worn)


   Skills:
 + Level 2.1 Dodging
 + Level 2.1 Stealth
 + Level 3.4 Spellcasting
 + Level 1.1 Conjurations
 + Level 1.0 Summonings
 + Level 1.0 Translocations


You had 6 spell levels left.
You knew the following spells:

 Your Spells              Type           Power        Failure   Level
a - Magic Dart            Conj           20%          13%         1

Your spell library contained the following spells:

 Spells                   Type           Power        Failure   Level
 Blink                    Tloc           N/A          21%         2
 Call Imp                 Summ           5%           21%         2
 Slow                     Hex            2%           30%         2
 Conjure Flame            Conj/Fire      3%           45%         3
 Mephitic Cloud           Conj/Pois/Air  3%           47%         3


Dungeon Overview and Level Annotations

Branches:
Dungeon (1/15)

Altars:


Message History

The hobgoblin hits you with a +0 club.
Your magical contamination has completely faded away.
You completely miss the hobgoblin.
The hobgoblin is heavily wounded.
The hobgoblin closely misses you.
You hit the hobgoblin but do no damage.
The hobgoblin is heavily wounded.
The hobgoblin closely misses you.
You hit the hobgoblin.
The hobgoblin is heavily wounded.
The hobgoblin barely misses you.
You barely miss the hobgoblin.
The hobgoblin is heavily wounded.
The hobgoblin hits you with a +0 club.
You are too injured to fight recklessly!
The hobgoblin hits you with a +0 club.
* * * LOW HITPOINT WARNING * * *
Aiming: Magic Dart (safe; 13% risk of failure)
Press: ? - help, Q - select action Shift-Dir - straight line, f/p - hobgoblin
Aim: a hobgoblin, wielding a +0 club and wearing a +0 scale mail (heavily wounded, 0% to evade)
The magic dart hits the hobgoblin but does no damage.
The hobgoblin is heavily wounded.
The hobgoblin barely misses you.
Aiming: Magic Dart (safe; 13% risk of failure)
Press: ? - help, Q - select action Shift-Dir - straight line, f/p - hobgoblin
Aim: a hobgoblin, wielding a +0 club and wearing a +0 scale mail (heavily wounded, 0% to evade)
The magic dart hits the hobgoblin but does no damage.
The hobgoblin is heavily wounded.
The hobgoblin barely misses you.
The hobgoblin hits you but does no damage.
You hit the hobgoblin but do no damage.
The hobgoblin is heavily wounded.
The hobgoblin barely misses you.
You barely miss the hobgoblin.
The hobgoblin is heavily wounded.
The hobgoblin barely misses you.
You hit the hobgoblin but do no damage.
The hobgoblin is heavily wounded.
The hobgoblin hits you with a +0 club!
You die...

... ###..............
....... #..............
....... #...........###
....... #..............
.......#####........)....
.........................
.........................
.........g...............
........@).........).....
.....................##..
...###...............##.[
. #......###########..
######## #.. #.. #.. #..
###


You could see a hobgoblin.

Vanquished Creatures
  A bat (D:1)
  2 hobgoblins (D:1)
  2 frilled lizards (D:1)
  3 goblins (D:1)
  A kobold (D:1)
  3 rats (D:1)
12 creatures vanquished.

Notes
Turn   | Place    | Note
-------+----------+-------------------------------------------
     0 | D:1      | srzhan31 the Human Hedge Wizard began the quest for the
                  | Orb.
     0 | D:1      | Reached XP level 1. HP: 13/13 MP: 4/4
   185 | D:1      | Reached XP level 2. HP: 19/19 MP: 1/6
   283 | D:1      | Slain by a hobgoblin

Illustrated notes

Levels and vault maps discovered:
D:1:      ebering_hopf_link, layout_basic

Action                   || total
-------------------------++-------
Melee: Dagger            ||    19
 Cast: Magic Dart        ||    20
Armor: Robe              ||     3
Dodge: Dodged            ||    16

Table legend: (Time is in decaauts)
 A = Elapsed time spent in this place.
 B = Non-inter-level travel time spent in this place.
 C = Inter-level travel time spent in this place.
 D = Time resting spent in this place.
 E = Time spent auto-exploring this place.
 F = Levels seen in this place.
 G = Mean time per level.
                   A        B        C        D        E       F      G
               +--------+--------+--------+--------+--------+-----+--------+
         Total |    283 |    283 |      0 |      0 |      0 |   1 |  283.0 |
       Dungeon |    283 |    283 |      0 |      0 |      0 |   1 |  283.0 |
               +--------+--------+--------+--------+--------+-----+--------+

Top non-repeatable levels by time:
     D:1: 283 daAuts
